CLL
BAKERSFIELD BEARS @ VISALIA METS
07/21/1982
 
TOP OF THE 1ST
Bakersfield Bears batting - Pitching for Visalia Mets : RHP Ricky Valentin
Pitching: RHP Ricky Valentin
Batting: RHB Jack Lopez 0-0: Ball
1-0: Ball
2-0: Foul Ball, location: 2F
2-1: Ball
3-1: Base on Balls
Batting: RHB Antonio Alicea 0-0: Called Strike
0-1: Foul Ball, location: 2F
0-2: Foul Ball, location: 2F
0-2: Ball
1-2: Ball
2-2: SINGLE (Line Drive, 7S, EV 95.6 MPH)
Jack Lopez to second
Runner from 2nd tries for 3rd, SAFE, no throw by LF
Batting: RHB Randy Kutcher 0-0: Ball
Antonio Alicea is caught stealing 2nd base 2-4
1-0: Fly out, F8 (Line Drive, 8LD, EV 101.9 MPH)
Runner from 3rd tags up, SCORES, no throw by CF
Batting: LHB Gregory DeLaune 0-0: Fly out, F7 (Flyball, 7LD, EV 110.0 MPH)
Top of the 1st over - 1 run, 1 hit, 0 errors, 0 left on base; Bakersfield 1 - Visalia 0
BOTTOM OF THE 1ST
Visalia Mets batting - Pitching for Bakersfield Bears : RHP Steve Walker
Pitching: RHP Steve Walker
Batting: RHB Danny Ainge 0-0: Ball
1-0: Fly out, F6 (Popup, P, EV 81.3 MPH)
Batting: SHB David Navarro 0-0: Called Strike
0-1: Ball
1-1: Ball
2-1: Ball
3-1: DOUBLE (Line Drive, 89D, EV 105.6 MPH)
Batting: LHB Huey Gayden 0-0: Ball
1-0: Foul Ball, location: 2F
1-1: Ground out 4-3 (Groundball, 4, EV 83.8 MPH)
David Navarro to third
Batting: LHB Pete Dalena 0-0: Foul Ball, location: 2F
0-1: Ball
1-1: Ball
2-1: Ball
3-1: Base on Balls
Batting: SHB Marcos Gomez 0-0: Ball
1-0: Ground out 6-3 (Groundball, 6M, EV 84.4 MPH)
Bottom of the 1st over - 0 runs, 1 hit, 0 errors, 2 left on base; Bakersfield 1 - Visalia 0
TOP OF THE 2ND
Bakersfield Bears batting - Pitching for Visalia Mets : RHP Ricky Valentin
Batting: LHB Danny Hernandez 0-0: Foul Ball, location: 2F
0-1: Called Strike
0-2: Ground out 3-1 (Groundball, 34, EV 105.6 MPH)
Batting: LHB Kevin Waller 0-0: Ground out 4-3 (Groundball, 13, EV 82.5 MPH)
Batting: RHB Preston Williams 0-0: SINGLE (Groundball, 4D, EV 98.8 MPH)
Batting: RHB Steven Houlberg 0-0: Ball
1-0: Fly out, F9 (Line Drive, 9D, EV 86.3 MPH)
Top of the 2nd over - 0 runs, 1 hit, 0 errors, 1 left on base; Bakersfield 1 - Visalia 0
BOTTOM OF THE 2ND
Visalia Mets batting - Pitching for Bakersfield Bears : RHP Steve Walker
Batting: RHB Ed Sedar 0-0: Called Strike
0-1: Foul Ball, location: 2F
0-2: Ball
1-2: Ball
2-2: Ball
3-2: Ground out 5-3 (Groundball, 56S, EV 83.8 MPH)
Batting: SHB Rene Quinones 0-0: Called Strike
0-1: Ball
1-1: Ball
2-1: Ball
3-1: Called Strike
3-2: Ground out 1-3 (Groundball, 13S, EV 76.9 MPH)
Batting: RHB Ken Frazier 0-0: Ball
1-0: Ball
2-0: Ground out 3-1 (Groundball, 34, EV 80.0 MPH)
Bottom of the 2nd over - 0 runs, 0 hits, 0 errors, 0 left on base; Bakersfield 1 - Visalia 0
TOP OF THE 3RD
Bakersfield Bears batting - Pitching for Visalia Mets : RHP Ricky Valentin
Batting: LHB John Shoemaker 0-0: Fly out, F4 (Flyball, 4D, EV 74.4 MPH)
Batting: RHB Jack Lopez 0-0: Called Strike
0-1: Ground out 6-3 (Groundball, 6, EV 88.1 MPH)
Batting: RHB Antonio Alicea 0-0: Called Strike
0-1: Swinging Strike
0-2: SINGLE (Flyball, 3D, EV 99.4 MPH)
Batting: RHB Randy Kutcher 0-0: Called Strike
0-1: Called Strike
0-2: Ball
1-2: Foul Ball, location: 2F
1-2: Ball
2-2: SINGLE (Flyball, 3D, EV 100.6 MPH)
Antonio Alicea to second
Runner from 2nd tries for 3rd, SAFE, throw by RF made to third
Batting: LHB Gregory DeLaune 0-0: Foul Ball, location: 2F
0-1: Ball
1-1: Ball
2-1: Ball
3-1: Base on Balls
Randy Kutcher to second
Batting: LHB Danny Hernandez 0-0: Called Strike
0-1: Foul Ball, location: 2F
0-2: Ball
1-2: Ball
2-2: Ball
3-2: Base on Balls
Antonio Alicea scores
Randy Kutcher to third
Gregory DeLaune to second
Batting: LHB Kevin Waller 0-0: Ball
1-0: Ball
2-0: Called Strike
2-1: Called Strike
2-2: Ground out 4-3 (Groundball, 4, EV 88.1 MPH)
Top of the 3rd over - 1 run, 2 hits, 0 errors, 3 left on base; Bakersfield 2 - Visalia 0
BOTTOM OF THE 3RD
Visalia Mets batting - Pitching for Bakersfield Bears : RHP Steve Walker
Batting: RHB Lloyd Bessard 0-0: Ball
1-0: Called Strike
1-1: Called Strike
1-2: Ball
2-2: Foul Ball, location: 2F
2-2: Foul Ball, location: 2F
2-2: Foul Ball, location: 2F
2-2: Foul Ball, location: 2F
2-2: Foul Ball, location: 2F
2-2: Ball
3-2: Ground out 5-3 (Groundball, 56, EV 102.5 MPH)
Batting: RHB Danny Ainge 0-0: Ball
1-0: Ground out 6-3 (Groundball, 6MS, EV 84.4 MPH)
Batting: SHB David Navarro 0-0: Ground out 4-3 (Groundball, 4S, EV 79.4 MPH)
Bottom of the 3rd over - 0 runs, 0 hits, 0 errors, 0 left on base; Bakersfield 2 - Visalia 0
TOP OF THE 4TH
Bakersfield Bears batting - Pitching for Visalia Mets : RHP Ricky Valentin
Batting: RHB Preston Williams 0-0: Called Strike
0-1: Ball
1-1: Fly out, F8 (Flyball, 8LM, EV 72.5 MPH)
Batting: RHB Steven Houlberg 0-0: Ball
1-0: Ball
2-0: Ball
3-0: Called Strike
3-1: Swinging Strike
3-2: Base on Balls
Batting: LHB John Shoemaker 0-0: Ball
Steven Houlberg steals 2nd base
1-0: Ground out 4-3 (Groundball, 4, EV 105.6 MPH)
Steven Houlberg to third
Batting: RHB Jack Lopez 0-0: Called Strike
0-1: Ball
1-1: Foul Ball, location: 2F
1-2: Ball
2-2: Foul Ball, location: 2F
2-2: Ball
3-2: Strikes out swinging
Top of the 4th over - 0 runs, 0 hits, 0 errors, 1 left on base; Bakersfield 2 - Visalia 0
BOTTOM OF THE 4TH
Visalia Mets batting - Pitching for Bakersfield Bears : RHP Steve Walker
Batting: LHB Huey Gayden 0-0: Swinging Strike
0-1: Ball
1-1: Fly out, F5 (Popup, 5SF, EV 80.6 MPH)
Batting: LHB Pete Dalena 0-0: Swinging Strike
0-1: Ground out U3 (Groundball, 3S, EV 73.8 MPH)
Batting: SHB Marcos Gomez 0-0: Called Strike
0-1: Ground out U3 (Groundball, 3, EV 87.5 MPH)
Bottom of the 4th over - 0 runs, 0 hits, 0 errors, 0 left on base; Bakersfield 2 - Visalia 0
TOP OF THE 5TH
Bakersfield Bears batting - Pitching for Visalia Mets : RHP Ricky Valentin
Batting: RHB Antonio Alicea 0-0: Ball
1-0: Foul Ball, location: 2F
1-1: Ground out 6-3 (Groundball, 6, EV 78.8 MPH)
Batting: RHB Randy Kutcher 0-0: Ball
1-0: Ball
2-0: Ball
3-0: Called Strike
3-1: Called Strike
3-2: Strikes out looking
Batting: LHB Gregory DeLaune 0-0: Ball
1-0: Foul Ball, location: 2F
1-1: Foul Ball, location: 2F
1-2: SINGLE (Groundball, 6MD, EV 106.3 MPH)
Batting: LHB Danny Hernandez 0-0: Ball
1-0: Ball
2-0: Foul Ball, location: 2F
2-1: Ball
3-1: Foul Ball, location: 2F
3-2: SINGLE (Line Drive, 3D, EV 95.6 MPH)
Gregory DeLaune to second
Gregory DeLaune to third
Batting: LHB Kevin Waller 0-0: Ball
1-0: Ball
2-0: Ball
3-0: Called Strike
3-1: Swinging Strike
3-2: Base on Balls
Danny Hernandez to second
Batting: RHB Preston Williams 0-0: Ball
1-0: Ball
2-0: Ball
3-0: Base on Balls
Gregory DeLaune scores
Danny Hernandez to third
Kevin Waller to second
Pitching: RHP Mike Ferguson
Batting: RHB Steven Houlberg 0-0: Ball
1-0: Ball
2-0: Ball
3-0: Called Strike
3-1: Base on Balls
Danny Hernandez scores
Kevin Waller to third
Preston Williams to second
Batting: LHB John Shoemaker 0-0: Ball
1-0: Foul Ball, location: 2F
1-1: Foul Ball, location: 2F
1-2: Ball
2-2: SINGLE (Groundball, 6MD, EV 104.4 MPH)
Kevin Waller scores
Preston Williams to third
Steven Houlberg to second
Runner from 3rd tries for Home, SAFE, throw by CF to home
Batting: RHB Jack Lopez 0-0: Ball
1-0: Called Strike
1-1: Ball
2-1: Ball
3-1: Base on Balls
Steven Houlberg to third
John Shoemaker to second
Batting: RHB Antonio Alicea 0-0: Called Strike
0-1: Foul Ball, location: 2F
0-2: Strikes out swinging
Top of the 5th over - 4 runs, 3 hits, 0 errors, 3 left on base; Bakersfield 6 - Visalia 0
BOTTOM OF THE 5TH
Visalia Mets batting - Pitching for Bakersfield Bears : RHP Steve Walker
Batting: RHB Ed Sedar 0-0: Ball
1-0: Called Strike
1-1: Ball
2-1: Ground out 5-3 (Groundball, 5S, EV 79.4 MPH)
Batting: SHB Rene Quinones 0-0: Fly out, F8 (Flyball, 8LD, EV 91.9 MPH)
Batting: RHB Ken Frazier 0-0: Called Strike
0-1: Ground out 6-3 (Groundball, 6, EV 91.3 MPH)
Bottom of the 5th over - 0 runs, 0 hits, 0 errors, 0 left on base; Bakersfield 6 - Visalia 0
TOP OF THE 6TH
Bakersfield Bears batting - Pitching for Visalia Mets : RHP Mike Ferguson
Batting: RHB Randy Kutcher 0-0: Ball
1-0: Called Strike
1-1: SINGLE (Line Drive, 3D, EV 105.0 MPH)
Batting: LHB Gregory DeLaune 0-0: Ball
1-0: Ball
2-0: SINGLE (Line Drive, 7LS, EV 105.6 MPH)
Randy Kutcher to second
Runner from 2nd tries for 3rd, SAFE, no throw by LF
Batting: LHB Danny Hernandez 0-0: Ball
1-0: Foul Ball, location: 2F
1-1: Swinging Strike
1-2: SINGLE (Groundball, 34D, EV 105.0 MPH) (infield hit)
Randy Kutcher scores
Gregory DeLaune to second
Batting: LHB Kevin Waller 0-0: Ball
1-0: Grounds into double play, 6-4-3 (Groundball, 6, EV 107.5 MPH)
Gregory DeLaune to third
Batting: RHB Preston Williams 0-0: Ball
1-0: Called Strike
1-1: Foul Ball, location: 2F
1-2: Foul Ball, location: 2F
1-2: Foul Ball, location: 2F
1-2: Foul Ball, location: 2F
1-2: Foul Ball, location: 2F
1-2: Ball
2-2: SINGLE (Groundball, 6MD, EV 102.5 MPH)
Gregory DeLaune scores
Batting: RHB Steven Houlberg 0-0: Ball
1-0: Called Strike
1-1: Ball
2-1: Ball
3-1: Foul Ball, location: 2F
3-2: Fly out, F9 (Flyball, 9LM, EV 96.9 MPH)
Top of the 6th over - 2 runs, 4 hits, 0 errors, 1 left on base; Bakersfield 8 - Visalia 0
BOTTOM OF THE 6TH
Visalia Mets batting - Pitching for Bakersfield Bears : RHP Steve Walker
Batting: RHB Lloyd Bessard 0-0: Called Strike
0-1: Called Strike
0-2: Ball
1-2: Ball
2-2: Ball
3-2: Foul Ball, location: 2F
3-2: Foul Ball, location: 2F
3-2: Base on Balls
Batting: RHB Danny Ainge 0-0: Ball
1-0: Ball
2-0: Fly out, F9 (Flyball, 89M, EV 83.8 MPH)
Batting: SHB David Navarro 0-0: Called Strike
0-1: Ball
1-1: SINGLE (Groundball, 25, EV 76.3 MPH) (infield hit)
Lloyd Bessard to second
Batting: LHB Huey Gayden 0-0: Ball
1-0: Foul Ball, location: 2F
1-1: Ball
2-1: SINGLE (Groundball, 34D, EV 98.1 MPH)
Lloyd Bessard to third
David Navarro to second
Runner from 3rd tries for Home, SAFE, throw by RF to home
Batting: LHB Pete Dalena 0-0: Called Strike
David Navarro is caught stealing 3rd base 2-5
0-1: Ball
1-1: Ball
2-1: Ball
Huey Gayden steals 2nd base
3-1: Called Strike
3-2: Base on Balls
Batting: SHB Marcos Gomez 0-0: Ball
1-0: Foul Ball, location: 2F
1-1: Ball
2-1: SINGLE (Line Drive, 78S, EV 93.8 MPH)
Huey Gayden to third
Pete Dalena to second
Runner from 3rd tries for Home, SAFE, throw by LF to home
Batting: RHB Ed Sedar 0-0: Ground out 3-1 (Groundball, 34, EV 76.9 MPH)
Bottom of the 6th over - 2 runs, 3 hits, 0 errors, 2 left on base; Bakersfield 8 - Visalia 2
TOP OF THE 7TH
Bakersfield Bears batting - Pitching for Visalia Mets : RHP Mike Ferguson
Batting: LHB John Shoemaker 0-0: Ball
1-0: Fly out, F4 (Line Drive, 4, EV 66.9 MPH)
Batting: RHB Jack Lopez 0-0: Ball
1-0: Called Strike
1-1: Ball
2-1: Ball
3-1: Base on Balls
Pitching: RHP Marcos Gonzalez
Batting: RHB Antonio Alicea 0-0: Fly out, F3 (Popup, 3SF, EV 80.0 MPH)
Batting: RHB Randy Kutcher 0-0: Fielders Choice at 2nd, U6 (Groundball, 6M, EV 81.9 MPH)
Top of the 7th over - 0 runs, 0 hits, 0 errors, 1 left on base; Bakersfield 8 - Visalia 2
BOTTOM OF THE 7TH
Visalia Mets batting - Pitching for Bakersfield Bears : RHP Steve Walker
Batting: SHB Rene Quinones 0-0: Ball
1-0: Called Strike
1-1: Reached on error, E4 (Groundball, 4M, EV 90.0 MPH)
Batting: RHB Ken Frazier 0-0: Ball
1-0: Ball
2-0: Ball
3-0: Called Strike
3-1: Base on Balls
Rene Quinones to second
Batting: RHB Lloyd Bessard 0-0: Ball
Wild Pitch!
Rene Quinones to third
Ken Frazier to second
1-0: SINGLE (Line Drive, 7S, EV 100.6 MPH)
Rene Quinones scores
Ken Frazier to third
Batting: RHB Danny Ainge 0-0: Ball
Wild Pitch!
Ken Frazier scores
Lloyd Bessard to second
1-0: Ball
2-0: Fly out, F7 (Flyball, 7D, EV 88.1 MPH)
Runner from 2nd tags up, SAFE at 3rd, no throw by LF
Batting: SHB David Navarro 0-0: Called Strike
0-1: Called Strike
0-2: Ball
1-2: Ground out 4-3 (Groundball, 4, EV 85.6 MPH)
Lloyd Bessard scores
Batting: LHB Huey Gayden 0-0: Ball
1-0: Called Strike
1-1: Foul Ball, location: 2F
1-2: Foul Ball, location: 2F
1-2: Ground out 4-3 (Groundball, 4, EV 84.4 MPH)
Bottom of the 7th over - 3 runs, 1 hit, 1 error, 0 left on base; Bakersfield 8 - Visalia 5
TOP OF THE 8TH
Bakersfield Bears batting - Pitching for Visalia Mets : RHP Marcos Gonzalez
Batting: LHB Gregory DeLaune 0-0: Ball
1-0: Ball
2-0: Foul Ball, location: 2F
2-1: Foul Ball, location: 2F
2-2: Ball
3-2: Base on Balls
Batting: LHB Danny Hernandez 0-0: Ball
Wild Pitch!
Gregory DeLaune to second
1-0: SINGLE (Groundball, P, EV 82.5 MPH) (infield hit)
Gregory DeLaune to third
Batting: LHB Kevin Waller 0-0: Foul Ball, location: 2F
0-1: Swinging Strike
0-2: Ball
1-2: Grounds out, U3 (Groundball, 3L, EV 103.1 MPH)
Gregory DeLaune scores
Batting: RHB Preston Williams 0-0: Ball
1-0: Ball
2-0: Swinging Strike
2-1: Foul Ball, location: 2F
2-2: Foul Ball, location: 2F
2-2: Fly out, F8 (Flyball, 8RM, EV 84.4 MPH)
Batting: RHB Steven Houlberg 0-0: Foul Ball, location: 2F
0-1: Foul Ball, location: 2F
0-2: Ball
1-2: Ball
2-2: DOUBLE (Groundball, 5L, EV 103.1 MPH)
Danny Hernandez scores
Batting: LHB John Shoemaker 0-0: Ball
1-0: Ball
2-0: Foul Ball, location: 2F
2-1: Foul Ball, location: 2F
2-2: Foul Ball, location: 2F
2-2: Ball
3-2: Base on Balls
Batting: RHB Jack Lopez 0-0: Ball
1-0: Ball
2-0: Called Strike
2-1: Ball
3-1: Foul Ball, location: 2F
3-2: Base on Balls
Steven Houlberg to third
John Shoemaker to second
Pitching: RHP Willie Rivera
Batting: RHB Antonio Alicea 0-0: Ball
1-0: Called Strike
1-1: Ball
2-1: Called Strike
2-2: Fly out, F8 (Flyball, 8LM, EV 91.9 MPH)
Top of the 8th over - 2 runs, 2 hits, 0 errors, 3 left on base; Bakersfield 10 - Visalia 5
BOTTOM OF THE 8TH
Visalia Mets batting - Pitching for Bakersfield Bears : RHP Steve Walker
Batting: LHB Pete Dalena 0-0: Ball
1-0: Ball
2-0: Fly out, F3 (Popup, 3S, EV 85.6 MPH)
Batting: SHB Marcos Gomez 0-0: Ball
1-0: Foul Ball, location: 2F
1-1: Ball
2-1: Called Strike
2-2: Ball
3-2: Fly out, F7 (Line Drive, 7, EV 91.9 MPH)
Batting: RHB Ed Sedar 0-0: Ball
1-0: Ball
2-0: Called Strike
2-1: Foul Ball, location: 2F
2-2: DOUBLE (Groundball, 5L, EV 105.0 MPH)
Batting: SHB Rene Quinones 0-0: Foul Ball, location: 2F
0-1: Ball
1-1: Called Strike
1-2: Foul Ball, location: 2F
1-2: Fly out, F8 (Flyball, 78XD, EV 109.4 MPH)
Bottom of the 8th over - 0 runs, 1 hit, 0 errors, 1 left on base; Bakersfield 10 - Visalia 5
TOP OF THE 9TH
Bakersfield Bears batting - Pitching for Visalia Mets : RHP Willie Rivera
Batting: RHB Randy Kutcher 0-0: Called Strike
0-1: Called Strike
0-2: Ball
1-2: Ball
2-2: SINGLE (Groundball, 6MD, EV 109.4 MPH)
Batting: LHB Gregory DeLaune 0-0: Called Strike
0-1: Swinging Strike
0-2: Strikes out swinging
Batting: LHB Danny Hernandez 0-0: Called Strike
Randy Kutcher steals 2nd base
0-1: SINGLE (Groundball, 6D, EV 106.9 MPH)
Randy Kutcher to third
Runner from 3rd tries for Home, SAFE, throw by CF to home
Batting: LHB Kevin Waller 0-0: Foul Ball, location: 2F
0-1: Ball
1-1: Foul Ball, location: 2F
1-2: Grounds into double play, 4-6-3 (Groundball, 4, EV 107.5 MPH)
Top of the 9th over - 1 run, 2 hits, 0 errors, 0 left on base; Bakersfield 11 - Visalia 5
BOTTOM OF THE 9TH
Visalia Mets batting - Pitching for Bakersfield Bears : RHP Steve Walker
Batting: RHB Ken Frazier 0-0: Called Strike
0-1: Fly out, F9 (Flyball, 9LM, EV 87.5 MPH)
Batting: RHB Lloyd Bessard 0-0: Ball
1-0: Foul Ball, location: 2F
1-1: Ground out 5-3 (Groundball, 5, EV 103.8 MPH)
Batting: RHB Danny Ainge 0-0: Called Strike
0-1: Foul Ball, location: 2F
0-2: Fly out, F7 (Flyball, 78D, EV 103.1 MPH)
Bottom of the 9th over - 0 runs, 0 hits, 0 errors, 0 left on base; Bakersfield 11 - Visalia 5
Monday, August 17th, 2020 - OOTP Baseball 21.5 Build 76